 Dungeon Crawl Stone Soup version 0.31.0-2-g5a2aebc5c2 (webtiles) character file.

Game seed: 4745620370018241132

32 Aldia the Trooper (level 3, -1/37 HPs)
             Began as an Oni Warper on Jan 20, 2024.
             Frozen to death by an endoplasm (3 damage)
             ... on level 1 of the Dungeon.
             The game lasted 00:00:55 (437 turns).

Aldia the Trooper (Oni Warper)                       Turns: 437, Time: 00:00:55

Health: -1/37      AC:  3    Str: 17    XL:     3   Next: 25%
Magic:  6/6        EV:  9    Int: 14    God:
Gold:   13         SH:  0    Dex:  8    Spells: 5/7 levels left

rFire   . . .        a - +0 mace
rCold   . . .        (no shield)
rNeg    . . .        b - +0 robe
rPois   .            (helmet restricted)
rElec   .            (no cloak)
rCorr   .            (gloves unavailable)
SInv    .            (boots unavailable)
Will    .....        (no amulet)
Stlth   +            (no ring)
HPRegen 0.26/turn    (no ring)
MPRegen 0.10/turn

%: no passive effects
@: no status effects
A: large, unfitting armour, horns 1, tough skin 1, double potion healing,
drunken brawling
a: no special abilities


You were on level 1 of the Dungeon.
You visited 1 branch of the dungeon, and saw 1 of its levels.

You collected 13 gold pieces.

Inventory:

Hand Weapons
 a - a +0 mace (weapon)
Missiles
 d - 7 darts of dispersal (quivered)
 f - 4 poisoned darts
Armour
 b - a +0 robe (worn)
Scrolls
 c - a scroll of blinking
 e - a scroll of fog {unknown}
 g - a scroll of identify {unknown}
Potions
 h - 2 potions of magic {unknown}
 i - a potion of berserk rage {unknown}


   Skills:
 + Level 3.3 Fighting
 * Level 2.9 Maces & Flails
 - Level 1.0 Throwing
 - Level 2.1 Dodging
 - Level 2.5 Spellcasting
 + Level 3.0 Translocations


You had 5 spell levels left.
You knew the following spells:

 Your Spells              Type           Power      Damage    Failure   Level
a - Blink                 Tloc           20%        N/A       10%         2

Your spell library contained the following spells:

 Spells                   Type           Power      Damage    Failure   Level
 Lesser Beckoning         Tloc           20%        N/A       10%         2
 Teleport Other           Tloc           10%        N/A       21%         3
 Manifold Assault         Tloc           10%        N/A       54%         4
 Vhi's Electric Charge    Tloc/Air       10%        N/A       77%         4


Dungeon Overview and Level Annotations

Branches:
Dungeon (1/15)

Altars:


Innate Abilities, Weirdness & Mutations

You are too large for most types of armour.
You have a pair of small horns on your head.
You have tough skin. (AC +1)
You gain doubled healing and magic from potions.
Whenever you drink a healing potion, you attack all around you.


Message History

a +0 club; a hobgoblin corpse
Found a stone staircase leading down.
The gnoll hits you with a +0 war axe.
You hit the gnoll.
The gnoll is heavily wounded.
The gnoll barely misses you. The gnoll hits you with a +0 war axe!
You hit the gnoll.
The gnoll is severely wounded.
The ball python closely misses you. The gnoll barely misses you.
The ball python bites you.
You hit the gnoll but do no damage.
The gnoll is severely wounded.
The ball python closely misses you. The gnoll hits you with a +0 war axe!
* * * LOW HITPOINT WARNING * * *
You hit the gnoll. Your headbutt misses the gnoll.
The gnoll is almost dead.
The ball python misses you.
The endoplasm hits you but does no damage.
The gnoll completely misses you. The ball python closely misses you.
You closely miss the gnoll.
The gnoll is almost dead.
The endoplasm hits you but does no damage.
The gnoll barely misses you. The ball python barely misses you.
The gnoll hits you with a +0 war axe.
* * * LOW HITPOINT WARNING * * *
The endoplasm completely misses you.
You hit the gnoll.
You kill the gnoll!
The ball python bites you but does no damage.
The endoplasm hits you but does no damage.
The ball python bites you.
* * * LOW HITPOINT WARNING * * *
Your Translocations skill increases to level 3!
You have reached level 3!
Your experience leads to an increase in your attributes!
Increase (S)trength, (I)ntelligence, or (D)exterity?
You feel stronger. x3
You hit the endoplasm but do no damage. The ball python closely misses you.
The endoplasm freezes you.
You are frozen.
You die...

### #.. #.#### #######
#....# #.....#
#####.[..#
####.###.###...).J..###.
[...............@S..'..>
####.###.###...##)..###.
#..).†...# ###.# ...#
#.##.##### #.# .....
#.#.)# #.# .....# ..#..#
#.# #....# ###.#### #.[
....# .#..... ....#
.#.#..##


You could see an endoplasm and a ball python.

Vanquished Creatures
  A gnoll (D:1)
  A dart slug (D:1)
  3 bats (D:1)
  An endoplasm (D:1)
  A giant cockroach (D:1)
  2 goblins (D:1)
  3 hobgoblins (D:1)
  2 kobolds (D:1)
  A quokka (D:1)
  2 ball pythons (D:1)
  2 rats (D:1)
19 creatures vanquished.

Vanquished Creatures (others)
  A bat (D:1)
1 creature vanquished.

Grand Total: 20 creatures vanquished

Notes
Turn   | Place    | Note
-------+----------+-------------------------------------------
     0 | D:1      | Aldia the Oni Warper began the quest for the Orb.
     0 | D:1      | Reached XP level 1. HP: 22/22 MP: 3/3
   185 | D:1      | Reached XP level 2. HP: 8/31 MP: 5/5
   194 | D:1      | Learned a level 2 spell: Blink
   437 | D:1      | Reached XP level 3. HP: 2/37 MP: 6/6
   437 | D:1      | Frozen to death by an endoplasm

Illustrated notes

Levels and vault maps discovered:
D:1:      scummos_arrival_star, layout_basic

Skill      XL: |  1  2 |
---------------+-------+-----
Fighting       | 3 |  3.3
Translocations | 3 |  3.0
Maces & Flails | |  2.9
Throwing       | |  1.0
Dodging        | |  2.1
Spellcasting   | |  2.5

Action                     || total
---------------------------++-------
  Melee: Mace              ||    63
         Headbutt          ||     7
 Armour: Robe              ||    76
  Dodge: Dodged            ||    51
